Map: 赛博森林-天梯版

Players

eGGz - Winner!

  • Race: Zerg Zerg

yohilo

  • Race: Terran Terran
  • League: Bronze

Event: WESG 2018 Grand Finals

VOD

Have the link to the VOD?

Description

Time

  • Played on: March 12, 2019, 1:50 a.m.
  • Length: 6:16

All games in this series

Show
View Real Time Build Order
Export as new Build Order

eGGz Zerg - Winner!

Build Orders: Pool First 

Get SALT Encoding   

  12  0:01  Drone  
  13  0:13  Overlord  
  13  0:17  Drone  
  14  0:33  Drone x2  
  16  0:41  Spawning Pool  
  15  0:44  Drone  
  15  0:48  Drone  
  17  1:10  Hatchery  
  16  1:17  Drone  
  17  1:21  Overlord  
  17  1:34  Zergling x4  
  19  1:46  Queen  
  21  1:51  Drone x2  
  23  1:57  Extractor  
  22  2:02  Drone  
  23  2:13  Drone  
  24  2:27  Drone  
  24  2:28  Drone  
  26  2:32  Queen  
  26  2:34  Drone  
  29  2:44  Drone  
  29  2:49  Hatchery  
  29  2:55  Queen  
  31  3:01  Drone x2  
  33  3:07  Metabolic Boost  
  32  3:15  Drone x2  
  32  3:16  Drone  
  32  3:17  Overlord  
  35  3:21  Extractor  
  35  3:22  Drone  
  35  3:23  Extractor  
  35  3:24  Drone  
  37  3:35  Overlord  
  37  3:36  Zergling x6  
  37  3:39  Drone  
  41  3:46  Drone x2  
  43  3:49  Drone  
  43  3:55  Drone x3  
  47  4:01  Queen  
  49  4:05  Drone x3  
  49  4:06  Drone  
  49  4:09  Baneling Nest  
  53  4:10  Zergling x4  
  53  4:16  Overlord  
  54  4:18  Drone  
  54  4:22  Overlord, Drone x2  
  57  4:29  Zergling x2  
  58  4:32  Overlord  
  58  4:37  Queen  
  59  4:41  Queen  
  59  4:43  Zergling x10  
  59  4:44  Zergling x2  
  67  4:47  Lair  
  67  4:55  Baneling x3  
  67  4:56  Baneling  
  67  4:59  Drone x3  
  70  5:00  Overlord  
  70  5:03  Zergling x6  
  70  5:04  Zergling x4  
  70  5:05  Baneling  
  75  5:13  Drone  
  73  5:21  Zergling x4  
  73  5:22  Zergling x14  
  81  5:31  Drone x3  
  81  5:33  Extractor  
  81  5:34  Extractor  
  82  5:37  Drone  
  82  5:39  Baneling x3  
  82  5:40  Baneling, Drone  
  82  5:41  Drone x2  
  86  5:43  Drone  
  87  5:51  Drone  
  87  5:52  Drone  
  87  5:53  Overlord  
  87  5:55  Hatchery  
  87  5:57  Overlord  
Show
View Real Time Build Order
Export as new Build Order

yohilo Terran 

Build Orders:  

Get SALT Encoding   

  12  0:01  SCV  
  13  0:17  SCV  
  13  0:20  Supply Depot  
  14  0:29  SCV  
  15  0:42  SCV  
  16  0:46  Refinery  
  16  0:54  Barracks, SCV  
  17  1:06  Supply Depot, SCV  
  19  1:18  SCV  
  19  1:30  SCV, Supply Depot  
  19  1:48  Command Center  
  19  2:00  Barracks  
  19  2:18  SCV  
  20  2:24  Barracks  
  19  2:30  SCV  
  20  2:48  Marine  
  20  3:06  Marine  
  20  3:19  Orbital Command, Command Center  
  20  3:22  Factory  
  20  3:23  Marine  
  20  3:24  Marine  
  22  3:41  Marine  
  22  3:49  Marine  
  22  3:51  SCV  
  24  3:59  Marine  
  25  4:03  Refinery, SCV  
  25  4:06  Marine  
  25  4:09  Hellion, Factory  
  29  4:15  SCV  
  30  4:27  SCV  
  30  4:30  Hellion, Supply Depot  
  33  4:39  SCV  
  34  4:51  Hellion, SCV  
  37  4:58  Hellion  
  39  5:04  SCV  
  40  5:16  SCV  
  30  5:22  Marine x2  
  30  5:27  Hellion x2  
  30  5:28  SCV  
  35  5:40  Marine x2  
  35  5:41  SCV  
  38  5:48  Hellion  
  38  5:49  Hellion  
  42  5:50  Starport  
  42  5:58  Marine x2  
Tags
 
Add a new tag
Caveats
  • Supply blocks, unpowered buildings, or Contaminate may cause inaccurate times.
  • Supply counts are checked every 10 seconds.